Map: [ESL] Inside and Out

Players

Elazer - Winner!

  • Race: Zerg Zerg
  • Spawn Location: 7:00

Rattata

  • Race: Zerg Zerg
  • Spawn Location: 1:00

Event: DreamHack SC2 Masters 2022 Atlanta (Online)

VOD

Have the link to the VOD?

Description

Time

  • Played on: Sept. 28, 2022, 1:43 p.m.
  • Length: 7:52

All games in this series

Show
View Real Time Build Order
Export as new Build Order

Elazer Zerg - Winner!

Build Orders: Hatch First 

Get SALT Encoding   

  12  0:00  Drone  
  13  0:12  Overlord  
  13  0:16  Drone  
  14  0:31  Drone x2  
  16  0:47  Hatchery  
  15  0:50  Drone  
  15  0:54  Drone  
  17  1:07  Spawning Pool  
  17  1:10  Drone  
  17  1:15  Drone, Extractor  
  18  1:18  Drone  
  18  1:30  Drone  
  19  1:39  Drone  
  20  1:50  Overlord  
  20  1:54  Queen  
  20  1:59  Queen  
  20  2:00  Zergling x2  
  25  2:02  Drone  
  26  2:11  Drone x2  
  26  2:14  Metabolic Boost  
  28  2:20  Drone  
  28  2:21  Drone  
  30  2:31  Drone  
  30  2:32  Drone  
  32  2:38  Hatchery  
  31  2:44  Drone  
  31  2:47  Overlord  
  32  2:54  Drone x2  
  34  3:04  Zergling x4  
  36  3:07  Zergling x8  
  36  3:10  Overlord  
  36  3:11  Drone  
  41  3:18  Drone  
  41  3:19  Drone  
  43  3:28  Drone x2  
  43  3:29  Evolution Chamber  
  44  3:35  Drone x3  
  44  3:39  Drone x2  
  44  3:40  Drone  
  50  3:41  Queen  
  50  3:45  Extractor  
  50  3:48  Drone  
  50  3:54  Drone x3  
  51  4:00  Zerg Missile Weapons Level 1  
  51  4:03  Roach Warren  
  51  4:04  Overlord  
  51  4:07  Drone x4, Extractor  
  53  4:10  Drone  
  53  4:13  Overlord  
  53  4:14  Drone x2  
  53  4:16  Overlord  
  56  4:22  Zergling x4  
  58  4:29  Zergling x4  
  59  4:35  Zergling x2  
  59  4:43  Overlord  
  59  4:45  Lair  
  59  4:47  Queen x2  
  63  4:54  Drone x6  
  63  4:57  Overlord  
  69  5:04  Zergling x12  
  73  5:15  Zergling x6  
  73  5:19  Zergling x14  
  81  5:23  Overlord  
  81  5:28  Overlord  
  81  5:29  Queen x2  
  83  5:47  Nydus Network  
  83  5:49  Zergling x14  
  84  5:50  Queen  
  84  5:51  Zergling x12  
  91  5:59  Zergling x4  
  83  6:05  Queen x2  
  87  6:11  Spore Crawler  
  87  6:12  Spore Crawler  
  87  6:13  Spore Crawler  
  84  6:21  Zergling x18  
  84  6:23  Nydus Canal  
  89  6:33  Zergling x10  
  89  6:38  Queen  
  93  6:41  Zergling x2  
  93  6:42  Zergling x6  
  93  6:45  Nydus Canal  
  95  6:55  Zergling x6  
  95  6:57  Overlord  
  95  6:58  Overlord  
  97  7:04  Queen  
  97  7:05  Queen  
  95  7:14  Queen  
  95  7:15  Zergling x10  
  97  7:16  Zergling x6  
  97  7:22  Zergling x6  
  100  7:28  Zergling x4  
  102  7:32  Nydus Canal  
  102  7:33  Zergling x12  
Show
View Real Time Build Order
Export as new Build Order

Rattata Zerg 

Build Orders: Hatch First 

Get SALT Encoding   

  12  0:00  Drone  
  13  0:12  Overlord  
  13  0:16  Drone  
  14  0:30  Drone x2  
  16  0:46  Hatchery  
  15  0:50  Drone  
  15  0:54  Drone  
  15  0:57  Drone  
  18  1:08  Extractor  
  17  1:12  Spawning Pool  
  17  1:15  Drone  
  17  1:18  Drone  
  18  1:28  Drone  
  19  1:38  Drone  
  20  1:49  Drone  
  21  1:59  Queen x2  
  21  2:00  Drone, Overlord  
  26  2:10  Drone x2  
  28  2:21  Drone  
  28  2:22  Drone  
  30  2:31  Drone  
  30  2:32  Overlord  
  30  2:35  Queen  
  33  2:41  Drone  
  33  2:43  Drone  
  35  2:50  Lair, Evolution Chamber  
  34  2:52  Drone  
  34  2:54  Drone  
  34  2:55  Extractor  
  35  2:59  Roach Warren  
  35  3:04  Drone x2  
  36  3:09  Overlord  
  36  3:10  Drone x3  
  39  3:19  Zerg Melee Weapons Level 1  
  39  3:21  Extractor  
  39  3:22  Drone x2  
  39  3:23  Extractor  
  39  3:24  Drone  
  41  3:27  Drone  
  41  3:34  Evolution Chamber  
  41  3:41  Drone x2  
  42  3:45  Drone x2  
  44  3:49  Overlord  
  44  3:50  Drone  
  44  3:51  Drone  
  44  3:53  Drone x2  
  42  3:56  Drone  
  41  4:06  Evolution Chamber  
  40  4:10  Spire  
  40  4:11  Drone  
  40  4:12  Drone  
  40  4:17  Drone x2  
  43  4:22  Queen  
  45  4:24  Drone  
  45  4:26  Drone  
  45  4:28  Drone  
  48  4:33  Metabolic Boost  
  48  4:36  Zergling x4  
  50  4:41  Overlord  
  50  4:43  Drone  
  51  4:49  Zergling x6  
  54  5:05  Overlord  
  54  5:09  Zergling x2  
  54  5:13  Zergling x10  
  57  5:19  Queen  
  55  5:24  Mutalisk x2  
  57  5:31  Mutalisk x3  
  63  5:40  Zergling x4  
  64  5:43  Zergling x6  
  64  5:52  Mutalisk x2  
  66  6:03  Zergling x4  
  64  6:12  Mutalisk  
  64  6:17  Drone x2  
  64  6:18  Hatchery  
  67  6:19  Zergling x6  
  70  6:28  Zergling x2  
  70  6:29  Zergling x4  
  72  6:36  Mutalisk, Overlord  
  74  6:45  Mutalisk  
  76  6:49  Overlord  
  76  6:57  Overlord  
  76  7:01  Overlord  
  76  7:03  Overlord  
  76  7:05  Overlord x2  
  76  7:08  Mutalisk  
  73  7:12  Mutalisk x2  
  70  7:16  Zergling x6  
  70  7:17  Zergling x2  
  73  7:28  Zergling x6  
  74  7:32  Zergling x2  
Tags
 
Add a new tag
Caveats
  • Supply blocks, unpowered buildings, or Contaminate may cause inaccurate times.
  • Supply counts are checked every 10 seconds.